 Dungeon Crawl Stone Soup version 0.22.1-2-g9c5b331383 (webtiles) character file.

7 RUZZLEFAZAZZLE the Grasshopper (level 2, 0/26 HPs)
             Began as a Gnoll Warper on Dec 1, 2018.
             Slain by a worker ant (3 damage)
             ... on level 2 of the Dungeon.
             The game lasted 00:01:03 (888 turns).

RUZZLEFAZAZZLE the Grasshopper (Gnoll Warper)        Turns: 888, Time: 00:01:04

Health: 0/26       AC:  3    Str: 13    XL:     2   Next: 0%
Magic:  7/7        EV: 18    Int: 15    God:
Gold:   24         SH:  0    Dex: 14    Spells: 10/10 levels left

rFire    . . .     SeeInvis .   a - +0 spear
rCold    . . .     Gourm    .   (no shield)
rNeg     . . .     Faith    .   b - +0 leather armour
rPois    .         Spirit   .   (no helmet)
rElec    .         Reflect  .   (no cloak)
rCorr    .         Harm     .   (no gloves)
MR       .....                  (no boots)
Stlth    +.........             (no amulet)
HPRegen  0.08/turn              g - +4 ring of evasion
MPRegen  0.10/turn              (no ring)

@: lethally poisoned (0 -> -11)
A: distributed training, fangs 1, strong nose
a: no special abilities


You were on level 2 of the Dungeon.
You were not hungry.

You visited 1 branch of the dungeon, and saw 2 of its levels.

You collected 24 gold pieces.

Inventory:

Hand Weapons
 a - a +0 spear (weapon)
Missiles
 e - 5 tomahawks of dispersal (quivered)
Armour
 b - a +0 leather armour (worn)
Jewellery
 g - a +4 ring of evasion (left hand)
 j - a cursed -3 ring of dexterity {unknown}
Scrolls
 d - a scroll of blinking
 h - 2 scrolls of teleportation {unknown}
 i - a scroll of remove curse {unknown}
 k - a scroll of identify {unknown}
Potions
 c - a potion of mutation {unknown}
Comestibles
 f - 2 rations


   Skills:
 + Level 4.4 Fighting
 + Level 0.2 Short Blades
 + Level 0.2 Long Blades
 + Level 0.2 Axes
 + Level 0.2 Maces & Flails
 + Level 4.4 Polearms
 + Level 0.2 Staves
 + Level 0.2 Slings
 + Level 0.2 Bows
 + Level 0.2 Crossbows
 + Level 2.4 Throwing
 + Level 2.4 Armour
 + Level 4.4 Dodging
 + Level 0.2 Stealth
 + Level 0.2 Shields
 + Level 0.2 Unarmed Combat
 + Level 4.9 Spellcasting
 + Level 0.1 Conjurations
 + Level 0.1 Hexes
 + Level 0.1 Charms
 + Level 0.1 Summonings
 + Level 0.1 Necromancy
 + Level 5.3 Translocations
 + Level 0.1 Transmutations
 + Level 0.1 Fire Magic
 + Level 0.1 Ice Magic
 + Level 0.1 Air Magic
 + Level 0.1 Earth Magic
 + Level 0.1 Poison Magic
 + Level 0.3 Invocations
 + Level 0.2 Evocations


You had 10 spell levels left.
You didn't know any spells.
Your spell library contained the following spells:

 Spells                   Type           Power        Failure   Level  Hunger
 Blink                    Tloc           N/A          3%          2    ##.....
 Gell's Gravitas          Tloc           ###.......   7%          3    ###....
 Lesser Beckoning         Tloc           ###.......   7%          3    ###....
 Teleport Other           Tloc           ###.....     7%          3    ###....
 Shroud of Golubria       Chrm/Tloc      ##........   11%         2    ##.....
 Passage of Golubria      Tloc           N/A          22%         4    ####...


Dungeon Overview and Level Annotations

Branches:
Dungeon (2/15)

Altars:


Innate Abilities, Weirdness & Mutations

Your experience applies equally to all skills.
You have very sharp teeth.
Your uncanny sense of smell can sniff out nearby items.


Message History

You hit the worker ant but do no damage.
You bite the worker ant, but do no damage.
The worker ant is moderately wounded.
You feel sick. The worker ant bites you.
You are too injured to fight recklessly!
You hit the worker ant. Your bite misses the worker ant.
The worker ant is moderately wounded.
You feel sick. The worker ant bites you.
* * * LOW HITPOINT WARNING * * *
You are too injured to fight recklessly!
You closely miss the worker ant.
You bite the worker ant, but do no damage.
The worker ant is moderately wounded.
The worker ant bites you but does no damage.
You are too injured to fight recklessly!
You hit the worker ant. You bite the worker ant.
The worker ant is heavily wounded.
* * * LOW HITPOINT WARNING * * *
You feel sick. The worker ant bites you.
You die...

.....
######.....
#..........
#.!........
#..........
#.........=
#..a.......
#..@.......
#..........
#.†........
#..........
###########


You could see a worker ant.

Vanquished Creatures
  3 kobolds (D:1)
  A ball python (D:2)
  A frilled lizard (D:1)
  2 rats (D:1)
7 creatures vanquished.

Notes
Turn   | Place    | Note
-------+----------+-------------------------------------------
     0 | D:1      | RUZZLEFAZAZZLE the Gnoll Warper began the quest for the
                  | Orb.
     0 | D:1      | Reached XP level 1. HP: 20/20 MP: 6/6
   870 | D:2      | Noticed a worker ant
   872 | D:2      | Reached XP level 2. HP: 26/26 MP: 7/7
   888 | D:2      | Slain by a worker ant

Action                   || total
-------------------------++-------
Melee: Spear             ||    38
       Bite              ||     4
 Stab: Sleeping          ||     1
Armor: Leather armour    ||     1
Dodge: Dodged            ||    14
